 Dungeon Crawl Stone Soup version 0.15.2 (webtiles) character file.

5098 Zugr the Conjurer (level 10, -1/86 HPs)
             Began as a Pale Draconian Conjurer on Mar 22, 2015.
             Was a Believer of Vehumet.
             Slain by a five-headed hydra (14 damage)
             ... on Level 9 of the Dungeon.
             The game lasted 01:54:03 (13367 turns).

Zugr the Conjurer (Pale Draconian Conjurer)        Turns: 13367, Time: 01:54:03

HP  -1/86        AC  8     Str 12      XL: 10   Next: 32%
MP  26/27        EV 18     Int 18      God: Vehumet [**....]
Gold 144         SH  0     Dex 11      Spells:  4 memorised, 15 levels left

rFire  . . .     SeeInvis .     c - staff of wizardry
rCold  + + .     Clarity  .     (armour unavailable)
rNeg   + + .     rCorr    .     (no shield)
rPois  .         rRot     .     (helmet restricted)
rElec  +         Spirit   .     t - +0 cloak of Starlight {rElec rC+ EV+4 Stlth-}
SustAb .         Warding  +     (no gloves)
rMut   .         Stasis   .     (no boots)
Gourm  .                        u - amulet of warding
MR     .....                    m - ring of positive energy
                                a - ring of protection from cold

@: very slightly contaminated, invisible, not resistant to hostile enchantments,
very unstealthy
A: breathe steam, unfitting armour, cold-blooded, AC +7
a: Breathe Steam, Renounce Religion


You were on level 9 of the Dungeon.
You worshipped Vehumet.
Vehumet was pleased with you.
You were not hungry.

You visited 2 branches of the dungeon, and saw 11 of its levels.

You collected 596 gold pieces.
You spent 452 gold pieces at shops.

Inventory:

Hand weapons
 d - a +3 war axe of electrocution
 k - the +9 Staff of Wucad Mu
   (You found it on level 8 of the Dungeon)
 F - a +0 vampiric short sword
Missiles
 o - 2 tomahawks of returning (quivered)
Armour
 t - the +0 cloak of Starlight (worn) {rElec rC+ EV+4 Stlth-}
   (You found it on level 5 of the Dungeon)

   It affects your evasion (+4).
   It protects you from cold.
   It insulates you from electricity.
   It makes you less stealthy.
Magical devices
 g - a wand of flame (9)
 B - a wand of digging (24)
 H - a wand of draining (6) {unknown}
 K - a wand of magic darts (8)
Comestibles
 b - 4 bread rations
 h - 2 slices of pizza
 p - 32 fruits
 C - 3 rotting chunks of ogre flesh
 E - 4 rotting chunks of ogre flesh
Scrolls
 l - 5 scrolls of identify
 n - 2 scrolls of immolation
 s - a scroll of recharging
 w - a scroll of amnesia
 x - 7 scrolls of remove curse
 y - a scroll of enchant armour {unknown}
 D - 4 scrolls of enchant weapon
Jewellery
 a - a ring of protection from cold (left hand)
 m - a ring of positive energy (right hand)
 u - an amulet of warding (around neck)
Potions
 e - a potion of flight {unknown}
 i - 2 potions of agility
 j - 2 potions of curing
 r - 2 potions of brilliance
 v - a potion of haste
 z - 3 potions of might
 A - a potion of invisibility
 L - 2 potions of restore abilities {unknown}
 M - a potion of cancellation {unknown}
Magical staves
 c - an uncursed staff of wizardry (weapon)


   Skills:
 + Level 7.0 Fighting
 + Level 6.3 Dodging
 - Level 1.7 Stealth
 * Level 8.4 Spellcasting
 * Level 9.4 Conjurations


You had 15 spell levels left.
You knew the following spells:

 Your Spells              Type           Power        Failure   Level  Hunger
a - Magic Dart            Conj           ####         1%          1    None
b - Searing Ray           Conj           #####.       1%          2    None
c - Dazzling Spray        Conj/Hex       ###.....     1%          3    #......
d - Iskenderun's Mystic   Conj           #####...     1%          4    ###....


Dungeon Overview and Level Annotations

Branches:
Dungeon (10/15)            Temple (1/1) D:5
    Orc: D:9-12        Lair: D:8-11

Altars:
Ashenzari
Cheibriados
Dithmenos
Elyvilon
Fedhas
Kikubaaqudgha
Makhleb
Nemelex Xobeh
Okawaru
Qazlal
Sif Muna
Trog
Vehumet
Xom
Yredelemnul
Zin
The Shining One
Lugonu

Shops:
D:8 *=[!   D:9 }*:=*

Annotations:
D:9 Maurice


Innate Abilities, Weirdness & Mutations

You can breathe blasts of scalding steam.
Your pale cyan-grey scales are hard (AC +7).
Your body does not fit into most forms of armour.
Your cold-blooded metabolism reacts poorly to cold.


Message History

r - Retreat! s - Stop attacking. w - Wait here. f - Follow me.
Anything else - Stay silent.
Okay, then.
Drink which item? (? for menu, Esc to quit)
You fade into invisibility!
The five-headed hydra bites you.
* * * LOW HITPOINT WARNING * * *
The five-headed hydra barely misses you.
The five-headed hydra bites you!
* * * LOW HITPOINT WARNING * * *
The five-headed hydra completely misses you.
The five-headed hydra bites you but does no damage.
The cyclops throws a large rock.
The large rock hits the five-headed hydra!
You are very lightly contaminated with residual magic.
The cyclops throws a large rock.
The five-headed hydra completely misses you.
The five-headed hydra bites you!
You die...

###.# ###.....##.# #...#
#.[...##.# #.#.#
###>####.# #...# #.# #.#
#.∩.# #.# #.# #...# #.#
#.# #####.#.## #.# #.#
#........###### #.# #.#
#.........D@..#####.####.#
#..####..####......#...#.#
#..#.C......#.#####.##.#.#
#..#..####..#.# #.##.#.#
#..#.#....#.#.# #.##.#.###
#..(.#D#C.#...# #.#.......
#....#.. .# ..# #[.....###
#..#.#... #.#.# #.........
#..#.C#### .#.# ##.....###


You could see a five-headed hydra and a cyclops.

Vanquished Creatures
  An unseen horror (D:9)
  Grinder (D:3)
  Edmund (D:6)
  3 hungry ghosts
  4 orc warriors
  A sky beast (D:9)
  2 black bears (D:8)
  9 ogres
  3 centaurs
  An ice beast (D:9)
  3 phantoms
  A necrophage (D:5)
  Duvessa (D:6)
  6 giant frogs
  2 big kobolds
  A gnoll sergeant (D:6)
  2 scorpions
  Dowan (D:6)
  3 hounds
  A jelly (D:9)
  6 orc wizards
  A quasit (D:7)
  A gnoll shaman (D:8)
  A giant frog zombie (D:8)
  A centaur skeleton (D:5)
  3 worker ants
  Natasha (thrice) (D:3)
  An iguana (D:7)
  A statue (D:6)
  Ijyb (D:6)
  Jessica (D:3)
  A steam dragon zombie (D:9)
  11 adders
  2 shadow imps (D:8)
  10 gnolls
  An orc skeleton (D:7)
  3 worms
  An iguana zombie (D:5)
  8 giant geckos
  31 orcs
  A ball python (D:1)
  A bat skeleton (D:5)
  5 giant cockroaches
  13 goblins
  19 hobgoblins
  12 jackals
  4 quokkas
  20 bats
  A giant gecko skeleton (D:5)
  4 giant newts
  18 kobolds
  An orc zombie (D:8)
  13 rats
  A rat skeleton (D:7)
248 creatures vanquished.

Notes
Turn   | Place    | Note
--------------------------------------------------------------
     0 | D:1      | Zugr, the Draconian Conjurer, began the quest for the Orb.
     0 | D:1      | Reached XP level 1. HP: 14/14 MP: 3/3
   465 | D:1      | Reached XP level 2. HP: 22/22 MP: 1/4
   895 | D:1      | Reached skill level 1 in Fighting
  1237 | D:2      | Found a shadowy altar of Dithmenos.
  1385 | D:2      | Reached XP level 3. HP: 28/28 MP: 4/6
  1386 | D:2      | Found a sparkling altar of Nemelex Xobeh.
  1780 | D:2      | Found a bloodstained altar of Trog.
  1862 | D:2      | Found a shattered altar of Ashenzari.
  2416 | D:3      | Reached XP level 4. HP: 35/35 MP: 5/8
  2638 | D:2      | Learned a level 2 spell: Searing Ray
  3341 | D:3      | Noticed Natasha
  3349 | D:3      | Killed Natasha
  3349 | D:3      | Reached XP level 5. HP: 37/41 MP: 4/11
  3554 | D:3      | Noticed Grinder
  3560 | D:3      | Paralysed by Grinder for 3 turns
  3600 | D:3      | Paralysed by Grinder for 4 turns
  3604 | D:3      | Killed Grinder
  3604 | D:3      | Reached skill level 5 in Conjurations
  3604 | D:3      | Reached XP level 6. HP: 26/51 MP: 3/13
  3771 | D:3      | Noticed Natasha
  3774 | D:3      | Killed Natasha
  3796 | D:3      | Noticed Natasha
  3798 | D:3      | Killed Natasha
  3969 | D:3      | Noticed Jessica
  3974 | D:3      | Killed Jessica
  4477 | D:4      | Found a stormy altar of Qazlal.
  4509 | D:4      | Your scales start fading to a pale cyan-grey colour.
  4509 | D:4      | Reached XP level 7. HP: 47/58 MP: 3/15
  5424 | D:5      | Entered Level 5 of the Dungeon
  5734 | D:5      | Learned a level 3 spell: Dazzling Spray
  5844 | D:5      | Found a staircase to the Ecumenical Temple.
  5873 | Temple   | Entered the Ecumenical Temple
  5962 | D:5      | Reached skill level 6 in Conjurations
  6213 | D:5      | Reached XP level 8. HP: 67/67 MP: 14/19
  6266 | D:5      | Reached skill level 5 in Spellcasting
  6569 | D:6      | Found a glowing golden altar of the Shining One.
  6570 | D:6      | Noticed an angel
  6598 | D:6      | Found a radiant altar of Vehumet.
  6599 | D:6      | Noticed Duvessa
  6600 | D:6      | Noticed Dowan
  6614 | D:6      | Killed Duvessa
  6625 | D:6      | Killed Dowan
  6861 | D:6      | Noticed Ijyb
  6873 | D:6      | Killed Ijyb
  6892 | D:6      | Noticed Edmund
  6900 | D:6      | Killed Edmund
  6900 | D:6      | Reached skill level 5 in Fighting
  7017 | D:6      | Found a basalt altar of Yredelemnul.
  7019 | D:6      | Noticed a profane servitor
  7299 | D:6      | Reached skill level 5 in Dodging
  7299 | D:6      | Reached skill level 7 in Conjurations
  7331 | D:6      | Learned a level 4 spell: Iskenderun's Mystic Blast
  7433 | D:6      | Became a worshipper of Vehumet
  7696 | D:6      | HP: 3/68 [orc warrior/vampiric short sword (3)]
  8129 | D:7      | Reached XP level 9. HP: 74/74 MP: 18/23
  8725 | D:7      | Found a glowing silver altar of Zin.
  8797 | D:7      | Found an ancient bone altar of Kikubaaqudgha.
  8849 | D:7      | Acquired Vehumet's first power
  8849 | D:7      | Offered knowledge of Sandblast by Vehumet.
  9380 | D:7      | Reached skill level 8 in Conjurations
  9698 | D:8      | Noticed an iron golem
  9713 | D:8      | Noticed an iron golem
  9713 | D:8      | Noticed an iron golem
  9738 | D:8      | Noticed an iron golem
 10448 | D:8      | Found Shutton's Distillery.
 10451 | D:8      | Bought a potion of heal wounds for 33 gold pieces
 10451 | D:8      | Bought 2 potions of invisibility for 121 gold pieces
 10451 | D:8      | Bought a potion of curing for 22 gold pieces
 10665 | D:8      | Found Khaf's Assorted Antiques.
 10665 | D:8      | Found Brafamn's Jewellery Boutique.
 11051 | D:8      | Found Taxu's Armour Emporium.
 11202 | D:9      | Noticed Maurice
 11206 | D:10     | Entered Level 10 of the Dungeon
 11223 | D:9      | Offered knowledge of Shock by Vehumet.
 11527 | D:9      | Found Furuoc's Assorted Antiques.
 11538 | D:9      | Bought a curved jewelled staff for 276 gold pieces
 11548 | D:9      | Found Tokkoym's Book Shoppe.
 11560 | D:9      | Found Anaunisarph's General Store.
 11575 | D:9      | Reached skill level 9 in Conjurations
 11575 | D:9      | Reached XP level 10. HP: 75/84 MP: 16/25
 12012 | D:9      | Found Faniap's Jewellery Emporium.
 12629 | D:9      | Killed an unseen horror
 13293 | D:9      | Found Jerphem's Gadget Shop.
 13347 | D:9      | Noticed a cyclops
 13347 | D:9      | Noticed a five-headed hydra
 13367 | D:9      | Slain by a five-headed hydra

Action                   |  1- 3 |  4- 6 |  7- 9 | 10-12 || total
-------------------------+-------+-------+-------+-------++-------
Melee: Unarmed           |    24 |       |       |       ||    24
       Dagger            |    29 |     6 |       |       ||    35
       War axe           |       |    35 |    73 |       ||   108
       Short sword       |       |       |   108 |       ||   108
       Staff             |       |       |     3 |    16 ||    19
Throw: Tomahawk          |       |       |       |     2 ||     2
 Cast: Magic Dart        |    90 |   121 |   186 |    20 ||   417
       Searing Ray       |       |     2 |    42 |    17 ||    61
       Dazzling Spray    |       |       |    55 |    17 ||    72
       Iskenderun's Myst |       |       |     3 |     3 ||     6
 Abil: Breathe Steam     |       |       |     3 |       ||     3
       Evoke Berserk Rag |       |       |     1 |       ||     1
Evoke: Wand              |       |     2 |     6 |       ||     8
  Use: Scroll            |     4 |     4 |     5 |     8 ||    21
       Potion            |       |       |     6 |     2 ||     8
 Stab: Sleeping          |     1 |     1 |       |       ||     2
       Invisible         |       |       |     2 |       ||     2
  Eat: Chunk             |     5 |     2 |     9 |     2 ||    18
       Meat ration       |       |     1 |     4 |     1 ||     6
       Fruit             |       |     1 |       |       ||     1
       Bread ration      |       |       |     2 |       ||     2
       Pizza             |       |       |     1 |       ||     1
